 Dungeon Crawl Stone Soup version 0.17-a0-2208-ge5ab1d3 (webtiles) character file.

60 youngkai the Cudgeler (level 3, -2/49 HPs)
             Began as a Minotaur Berserker on Oct 26, 2015.
             Was a Believer of Trog.
             Slain by a worm (9 damage)
             ... on level 3 of the Dungeon.
             The game lasted 00:02:24 (1097 turns).

youngkai the Cudgeler (Minotaur Berserker)          Turns: 1097, Time: 00:02:24

Health: -2/49      AC:  2    Str: 27    XL:     3   Next: 80%
Magic:  2/2        EV: 12    Int:  4    God:    Trog [**....]
Gold:   83         SH:  0    Dex:  9    Spells: 0 memorised, 2 levels left

rFire  . . .     SeeInvis .     a - +0 mace
rCold  . . .     Clarity  .     b - +0 animal skin
rNeg   . . .     SustAt   .     (no shield)
rPois  .         Gourm    .     (helmet restricted)
rElec  .         Spirit   .     (no cloak)
rCorr  .         Warding  .     (no gloves)
rMut   .         Stasis   .     (no boots)
MR     .....                    (no amulet)
Stlth  ..........               (no ring)
                                (no ring)

@: berserking, very quick, not resistant to hostile enchantments, extremely
unstealthy
A: retaliatory headbutt, horns 2
a: Berserk, Trog's Hand, Burn Spellbooks, Renounce Religion


You were on level 3 of the Dungeon.
You worshipped Trog.
Trog was pleased with you.
You were not hungry.

You visited 1 branch of the dungeon, and saw 3 of its levels.

You collected 83 gold pieces.

Inventory:

Hand Weapons
 a - a +0 mace (weapon)
Armour
 b - a +0 animal skin (worn)
Jewellery
 i - a cursed -5 ring of evasion {unknown}
Scrolls
 g - 2 scrolls of teleportation {unknown}
 h - a scroll of enchant weapon {unknown}
 k - a scroll of immolation {unknown}
 m - 2 scrolls of random uselessness {unknown}
 n - a scroll of identify {unknown}
 o - 2 scrolls of remove curse {unknown}
Potions
 d - a potion of magic {unknown}
 e - a potion of agility {unknown}
 j - 2 potions of poison {unknown}
 l - a potion of might {unknown}
 p - a potion of degeneration {unknown}
Comestibles
 c - 3 bread rations
 f - a beef jerky
 q - 2 chunks of flesh


   Skills:
 + Level 4.2 Fighting
 * Level 4.6 Maces & Flails
 + Level 3.5 Armour
 - Level 2.1 Dodging


You had 2 spell levels left.
You didn't know any spells.

Dungeon Overview and Level Annotations

Branches:
Dungeon (3/15)

Altars:
Elyvilon
Makhleb
Zin
The Shining One


Innate Abilities, Weirdness & Mutations

You reflexively headbutt those who attack you in melee.
You have a pair of horns on your head.


Message History

The quokka bites you.
You barely miss the worm.
The worm is moderately wounded.
The quokka bites you but does no damage.
The worm bites you.
You sock the worm!
The worm is severely wounded.
The quokka bites you. x2
You barely miss the worm. Your headbutt misses the worm.
The worm is severely wounded.
The quokka bites you. The worm bites you!
* * * LOW HITPOINT WARNING * * *
You are too injured to fight recklessly!
You are too injured to fight recklessly!
A red film seems to cover your vision as you go berserk!
You feel yourself moving faster!
You feel mighty!
You feel somewhat more hungry.
The quokka bites you but does no damage.
The worm bites you!
You die...

.... #...?## #.....#
.# #.....##########
...####.....##.....[..
........#...#.........
...............w......
..............@r......
.......<.........[....
......................
.....>...)...####+#+##
.............#
.#######.....# #.....#
#.....# #.....#


You could see a worm and a quokka.

Vanquished Creatures
  2 adders
  A worm (D:2)
  4 bats
  8 hobgoblins
  2 ball pythons
  3 giant cockroaches
  A giant newt (D:1)
  8 goblins
  6 kobolds
  7 rats
42 creatures vanquished.

Notes
Turn   | Place    | Note
--------------------------------------------------------------
     0 | D:1      | youngkai the Minotaur Berserker began the quest for the Orb.
     0 | D:1      | Reached XP level 1. HP: 19/19 MP: 0/0
   265 | D:1      | Reached XP level 2. HP: 25/27 MP: 1/1
   347 | D:1      | Reached skill level 4 in Maces & Flails
   575 | D:1      | Reached ** piety under Trog
   688 | D:2      | Reached XP level 3. HP: 20/33 MP: 2/2
   716 | D:2      | Found a burning altar of Makhleb.
   873 | D:2      | Found a glowing golden altar of the Shining One.
   873 | D:2      | Found a white marble altar of Elyvilon.
   873 | D:2      | Found a glowing silver altar of Zin.
  1097 | D:3      | Slain by a worm

Vault maps used:
D:1:      sevenhm_arrival_forest_fort_large_1, minmay_misc_feat_rugged
D:2:      good_gods_mini_temple, lemuel_coloured_pillars_altar
D:3:      cheibrodos_ashenzari_chains

Action                   || total
-------------------------++-------
Melee: Mace              ||    88
Invok: Berserk           ||     1
 Stab: Sleeping          ||     2
  Eat: Chunk             ||     1
